 Dungeon Crawl Stone Soup version 0.17-a0-2002-g92c7e20 (webtiles) character file.

124 George the Slasher (level 4, -4/33 HPs)
             Began as a Demonspawn Gladiator on Oct 8, 2015.
             Killed by divine providence
             ... invoked by an orc priest
              (13 damage)
             ... on level 3 of the Dungeon.
             The game lasted 00:03:48 (3063 turns).

George the Slasher (Demonspawn Gladiator)           Turns: 3063, Time: 00:03:48

Health: -4/33      AC:  8    Str: 16    XL:     4   Next: 81%
Magic:  4/4        EV: 10    Int: 10    God:
Gold:   157        SH:  0    Dex: 13    Spells: 0 memorised, 3 levels left

rFire  + . .     SeeInvis .     s - +1 short sword (drain)
rCold  . . .     Clarity  .     v - +0 scale mail
rNeg   . . .     SustAt   .     (no shield)
rPois  .         Gourm    .     c - +0 helmet
rElec  .         Spirit   .     w - +0 cloak
rCorr  .         Warding  .     (no gloves)
rMut   .         Stasis   .     (no boots)
MR     .....                    (no amulet)
Stlth  ..........               (no ring)
                                (no ring)

@: not resistant to hostile enchantments, extremely unstealthy
A: fire resistance 1
a: no special abilities


You were on level 3 of the Dungeon.
You were near starving.

You visited 1 branch of the dungeon, and saw 3 of its levels.

You collected 157 gold pieces.

Inventory:

Hand Weapons
 a - a +0 long sword
 s - a +1 short sword of draining (weapon)
Missiles
 d - 3 throwing nets (quivered)
Armour
 c - a +0 helmet (worn)
 h - a +0 plate armour
 v - a +0 scale mail (worn)
 w - a +0 cloak (worn)
Scrolls
 f - 3 scrolls of magic mapping {unknown}
 i - 2 scrolls of amnesia {unknown}
 l - a scroll of fear {unknown}
 m - a scroll of enchant weapon {unknown}
 o - a scroll of immolation {unknown}
 p - 7 scrolls of remove curse {unknown}
 r - a scroll of random uselessness {unknown}
 t - 5 scrolls of identify {unknown}
Potions
 g - a potion of mutation {unknown}
 k - a potion of might {unknown}
 n - a potion of brilliance {unknown}
 q - 2 potions of lignification {unknown}
 u - 3 potions of curing {unknown}
Comestibles
 e - 2 bread rations
 j - a meat ration


   Skills:
 - Level 2.0 Fighting
 + Level 5.1 Long Blades
 - Level 1.7 Throwing
 - Level 2.6 Dodging


You had 3 spell levels left.
You didn't know any spells.

Dungeon Overview and Level Annotations

Branches:
Dungeon (3/15)

Altars:
Elyvilon
Trog
Vehumet


Innate Abilities, Weirdness & Mutations

Your flesh is heat resistant.


Message History

You kill the orc priest!
Your Long Blades skill increases to level 5!
Your life force feels restored.
The orc priest hits you but does no damage.
You hit the orc priest.
The orc priest is lightly wounded.
The orc priest misses you.
You hit the orc priest. You drain the orc priest!
The orc priest is severely wounded.
The orc priest barely misses you.
You hit the orc priest but do no damage.
You drain the orc priest!
The orc priest is almost dead.
The orc priest hits you.
* * * LOW HITPOINT WARNING * * *
You closely miss the orc priest.
The orc priest is almost dead.
The orc priest mumbles some strange prayers to Beogh against you.
Something smites you!
You die...

#..####.####.#..#....
#............##.##.#.
#.........#####.##.#.
#.#####.#.## #.##.##
#.# #.#..# #.##.# #.#
#.##.## #.##.# #.#
#..#..# #.##.#
#####.#####.....#
#.##.#
#.....oo@.#.....#
#.##.#
#.#######†#.....#
#(##.## ...
#.#....####.##..#
#.#..
#.########..###.#
..o....
#..........####.#
.o#o#?#
#######...###....
l..... #......###....
....## #.......##....
#####.........


You could see an orc priest and an orc.

Vanquished Creatures
  An orc priest (D:3)
  4 adders
  A worm (D:2)
  A giant gecko (D:2)
  3 orcs (D:3)
  A ball python (D:1)
  9 bats
  3 giant cockroaches
  9 hobgoblins
  5 kobolds
  A quokka (D:2)
  9 giant newts
  5 goblins
  6 rats
58 creatures vanquished.

Notes
Turn   | Place    | Note
--------------------------------------------------------------
     0 | D:1      | George the Demonspawn Gladiator began the quest for the Orb.
     0 | D:1      | Reached XP level 1. HP: 16/16 MP: 1/1
   182 | D:1      | Reached skill level 3 in Long Blades
   228 | D:1      | Gained mutation: Your flesh is heat resistant. [demonic ancestry]
   228 | D:1      | Reached XP level 2. HP: 19/22 MP: 2/2
   244 | D:1      | HP: 1/22 [hobgoblin/club (5)]
  1011 | D:1      | Reached XP level 3. HP: 23/27 MP: 3/3
  1605 | D:2      | Reached skill level 4 in Long Blades
  1752 | D:2      | Found a bloodstained altar of Trog.
  2039 | D:2      | Reached XP level 4. HP: 28/33 MP: 4/4
  2359 | D:2      | Found a white marble altar of Elyvilon.
  2589 | D:3      | Found a radiant altar of Vehumet.
  3058 | D:3      | Reached skill level 5 in Long Blades
  3063 | D:3      | Killed from afar by an orc priest

Vault maps used:
D:1:      minmay_arrival_loop, hangedman_decor_slide_cut
D:2:      lemuel_coloured_pillars_altar, first_bread,
          minmay_misc_feat_nine_boxes, grunt_ministairs_11, trog_book
D:3:      old_standard_altar, serial_co_window_serial, co_window_paths_b,
          co_window_paths_b, co_window_paths_a, co_window_paths_b,
          co_window_paths_a, co_window_paths_a, co_window_of_opportunity_a,
          co_window_corner_a, co_window_corner_a, co_window_broadway_c,
          co_window_corner_b, co_window_corner_b, co_window_unsneaky_path_c,
          co_window_cross_2, co_window_unsneaky_path_d, glass_columns_a,
          glass_columns_a

Action                   |  1- 3 |  4- 6 || total
-------------------------+-------+-------++-------
Melee: Long sword        |   100 |       ||   100
       Short sword       |    44 |    42 ||    86
 Stab: Sleeping          |     1 |     1 ||     2
  Eat: Chunk             |     4 |     1 ||     5
